| TOP OF THE 1ST |
|
Miami Marlins batting - Pitching for Pittsburgh Pirates : RHP Jeremy Kennie
|
|
Pitching: RHP Jeremy Kennie
|
|
|
Batting: RHB Jeff Garofalo
|
0-0: Ball 1-0: Ball 2-0: Ball 3-0: Base on Balls
|
|
Batting: RHB Roger Salazar
|
0-0: Called Strike 0-1: DOUBLE (Line Drive, 3D, EV 101.9 MPH) Jeff Garofalo to third
|
|
Batting: LHB Andre Gorter
|
0-0: Ball 1-0: 3-RUN HOME RUN (Line Drive, 7LD, EV 95.6 MPH), Distance : 345 ft
|
|
Batting: RHB Mark Barger
|
0-0: Ball 1-0: Ball 2-0: Ball 3-0: Base on Balls
|
|
Batting: RHB Steve Barnard
|
0-0: Ball 1-0: Foul Ball, location: 2F 1-1: Grounds into double play, 4-6-3 (Groundball, 4, EV 91.3 MPH)
|
|
Batting: RHB Justin Huff
|
0-0: Called Strike 0-1: Foul Ball, location: 2F 0-2: Foul Ball, location: 2F 0-2: Foul Ball, location: 2F 0-2: Ball 1-2: Foul Ball, location: 2F 1-2: Foul Ball, location: 2F 1-2: Ball 2-2: Strikes out swinging
|
| Top of the 1st over - 3 runs, 2 hits, 0 errors, 0 left on base; Miami 3 - Pittsburgh 0 |
| BOTTOM OF THE 1ST |
|
Pittsburgh Pirates batting - Pitching for Miami Marlins : RHP Travis Small
|
|
Pitching: RHP Travis Small
|
|
|
Batting: RHB Andrew Robinson
|
0-0: Ball 1-0: Fly out, F2 (Popup, 3SF, EV 68.8 MPH)
|
|
Batting: RHB Eisse Bravenboer
|
0-0: Ball 1-0: Ball 2-0: Swinging Strike 2-1: Ball 3-1: Base on Balls
|
|
Batting: SHB Marvin McAleer
|
0-0: Called Strike Eisse Bravenboer steals 2nd base (no throw) 0-1: Ball 1-1: Ground out 4-3 (Groundball, 4, EV 100.0 MPH) Eisse Bravenboer to third
|
|
Batting: RHB Jeckel Hester
|
0-0: DOUBLE (Flyball, 8RXD, EV 98.8 MPH) Eisse Bravenboer scores
|
|
Batting: RHB Steve Jordan
|
0-0: Ball 1-0: 2-RUN HOME RUN (Flyball, 7LD, EV 98.1 MPH), Distance : 354 ft
|
|
Batting: LHB Theodore Conboy
|
0-0: Called Strike 0-1: Swinging Strike 0-2: Ball 1-2: Ball 2-2: Foul Ball, location: 2F 2-2: Strikes out swinging
|
| Bottom of the 1st over - 3 runs, 2 hits, 0 errors, 0 left on base; Miami 3 - Pittsburgh 3 |
| TOP OF THE 2ND |
|
Miami Marlins batting - Pitching for Pittsburgh Pirates : RHP Jeremy Kennie
|
|
Batting: LHB Mike Kara
|
0-0: Ball 1-0: Called Strike 1-1: Ground out 3-1 (Groundball, 13, EV 90.0 MPH)
|
|
Batting: RHB Seth Tramontano
|
0-0: Called Strike 0-1: Swinging Strike 0-2: Foul Ball, location: 2F 0-2: Ball 1-2: Foul Ball, location: 2F 1-2: Ball 2-2: Ground out 6-3 (Groundball, 6MD, EV 107.5 MPH)
|
|
Batting: RHB Josh Crenwelge
|
0-0: Foul Ball, location: 2F 0-1: SINGLE (Groundball, 56D, EV 101.9 MPH)
|
|
Batting: RHB Jeff Garofalo
|
0-0: Ball 1-0: Ball 2-0: Foul Ball, location: 2F 2-1: SINGLE (Line Drive, 9LS, EV 90.6 MPH) Josh Crenwelge to second Runner from 2nd tries for 3rd, OUT! 9-5
|
| Top of the 2nd over - 0 runs, 2 hits, 0 errors, 1 left on base; Miami 3 - Pittsburgh 3 |
| BOTTOM OF THE 2ND |
|
Pittsburgh Pirates batting - Pitching for Miami Marlins : RHP Travis Small
|
|
Pitching: RHP Jonah Syndergaard
|
|
|
Batting: RHB Tommie Eaton
|
0-0: Called Strike 0-1: Ball 1-1: Ball 2-1: SINGLE (Line Drive, 8LS, EV 108.1 MPH)
|
|
Batting: RHB Mike Bates
|
0-0: Ball 1-0: Called Strike 1-1: Ball 2-1: Fly out, F3 (Line Drive, 3, EV 69.4 MPH)
|
|
Batting: RHB Lupe Covarrubias
|
0-0: Foul Ball, location: 2F 0-1: SINGLE (Line Drive, 78S, EV 95.6 MPH) Tommie Eaton to second
|
|
Batting: RHB Andrew Robinson
|
0-0: Swinging Strike 0-1: Foul Ball, location: 2F 0-2: Strikes out swinging
|
|
Batting: RHB Eisse Bravenboer
|
0-0: Ball 1-0: Ball 2-0: Called Strike 2-1: Called Strike 2-2: Ground out 5-3 (Groundball, 56S, EV 88.8 MPH)
|
| Bottom of the 2nd over - 0 runs, 2 hits, 0 errors, 2 left on base; Miami 3 - Pittsburgh 3 |
| TOP OF THE 3RD |
|
Miami Marlins batting - Pitching for Pittsburgh Pirates : RHP Jeremy Kennie
|
|
Batting: RHB Roger Salazar
|
0-0: Ball 1-0: Called Strike 1-1: Foul Ball, location: 2F 1-2: Ball 2-2: Strikes out looking
|
|
Batting: LHB Andre Gorter
|
0-0: Called Strike 0-1: Ball 1-1: Swinging Strike 1-2: Fly out, F5 (Popup, 25, EV 82.5 MPH)
|
|
Batting: RHB Mark Barger
|
0-0: Ball 1-0: Called Strike 1-1: Foul Ball, location: 2F 1-2: DOUBLE (Groundball, 5L, EV 94.4 MPH)
|
|
Batting: RHB Steve Barnard
|
0-0: Ball 1-0: Foul Ball, location: 2F 1-1: Swinging Strike 1-2: SINGLE (Groundball, 34D, EV 96.9 MPH) Mark Barger to third Runner from 3rd tries for Home, SAFE, throw by RF to home
|
|
Batting: RHB Justin Huff
|
0-0: Ball 1-0: Fielders Choice at 2nd, 6-4 (Groundball, 6, EV 101.3 MPH)
|
| Top of the 3rd over - 1 run, 2 hits, 0 errors, 1 left on base; Miami 4 - Pittsburgh 3 |
| BOTTOM OF THE 3RD |
|
Pittsburgh Pirates batting - Pitching for Miami Marlins : RHP Jonah Syndergaard
|
|
Batting: SHB Marvin McAleer
|
0-0: Ball 1-0: Swinging Strike 1-1: Ball 2-1: Called Strike 2-2: Foul Ball, location: 2F 2-2: Strikes out swinging
|
|
Batting: RHB Jeckel Hester
|
0-0: Swinging Strike 0-1: Ball 1-1: Ball 2-1: Swinging Strike 2-2: Ball 3-2: Ground out 3-1 (Groundball, 34S, EV 87.5 MPH)
|
|
Batting: RHB Steve Jordan
|
0-0: Ball 1-0: Called Strike 1-1: Fly out, F8 (Flyball, 8RM, EV 82.5 MPH)
|
| Bottom of the 3rd over - 0 runs, 0 hits, 0 errors, 0 left on base; Miami 4 - Pittsburgh 3 |
| TOP OF THE 4TH |
|
Miami Marlins batting - Pitching for Pittsburgh Pirates : RHP Jeremy Kennie
|
|
Batting: LHB Mike Kara
|
0-0: Called Strike 0-1: Ground out 6-3 (Groundball, 6M, EV 111.9 MPH)
|
|
Batting: RHB Seth Tramontano
|
0-0: Ball 1-0: Ball 2-0: Ball 3-0: Base on Balls
|
|
Batting: RHB Josh Crenwelge
|
0-0: Ball 1-0: Ball 2-0: Called Strike 2-1: Foul Ball, location: 2F 2-2: Strikes out looking
|
|
Batting: RHB Jeff Garofalo
|
0-0: Ball Seth Tramontano is caught stealing 2nd base 2-4
|
| Top of the 4th over - 0 runs, 0 hits, 0 errors, 0 left on base; Miami 4 - Pittsburgh 3 |
| BOTTOM OF THE 4TH |
|
Pittsburgh Pirates batting - Pitching for Miami Marlins : RHP Jonah Syndergaard
|
|
Batting: LHB Theodore Conboy
|
0-0: Ball 1-0: Ground out 4-3 (Groundball, 4, EV 76.3 MPH)
|
|
Batting: RHB Tommie Eaton
|
0-0: Ball 1-0: SINGLE (Groundball, 34S, EV 61.9 MPH) (infield hit)
|
|
Batting: RHB Mike Bates
|
0-0: Ball 1-0: Ball 2-0: Ball 3-0: Base on Balls Tommie Eaton to second
|
|
Batting: RHB Lupe Covarrubias
|
0-0: Foul Ball, location: 2F 0-1: Foul Ball, location: 2F 0-2: Ball 1-2: Fly out, F7 (Flyball, 7D, EV 83.8 MPH) Runner from 2nd tags up, SAFE at 3rd, no throw by LF
|
|
Batting: RHB Andrew Robinson
|
0-0: Ball 1-0: DOUBLE (Line Drive, 78D, EV 106.9 MPH) Tommie Eaton scores Mike Bates to third Runner from 3rd tries for Home, SAFE, throw by CF to trailing runner, OUT at third! 8-3-5
|
| Bottom of the 4th over - 2 runs, 2 hits, 0 errors, 0 left on base; Miami 4 - Pittsburgh 5 |
| TOP OF THE 5TH |
|
Miami Marlins batting - Pitching for Pittsburgh Pirates : RHP Jeremy Kennie
|
|
Batting: RHB Jeff Garofalo
|
0-0: Reached on error, E3 (Groundball, 34, EV 93.1 MPH)
|
|
Batting: RHB Roger Salazar
|
0-0: Ball 1-0: Ball Jeff Garofalo steals 2nd base 2-0: Swinging Strike 2-1: Ground out 6-3 (Groundball, 6M, EV 85.6 MPH) Jeff Garofalo to third
|
|
Batting: LHB Andre Gorter
|
0-0: Swinging Strike 0-1: SINGLE (Flyball, 8RM, EV 81.9 MPH) Jeff Garofalo scores
|
|
Pitching: RHP Ryan Sunday
|
|
|
Batting: RHB Mark Barger
|
0-0: Ball Wild Pitch! Andre Gorter to second 1-0: Swinging Strike 1-1: Ball 2-1: Swinging Strike 2-2: Strikes out looking
|
|
Batting: RHB Steve Barnard
|
0-0: Ball 1-0: Ball 2-0: Ball 3-0: Base on Balls
|
|
Batting: RHB Justin Huff
|
0-0: Ball 1-0: Ground out 5-3 (Groundball, 56S, EV 90.0 MPH)
|
| Top of the 5th over - 1 run, 1 hit, 1 error, 2 left on base; Miami 5 - Pittsburgh 5 |
| BOTTOM OF THE 5TH |
|
Pittsburgh Pirates batting - Pitching for Miami Marlins : RHP Jonah Syndergaard
|
|
Batting: RHB Eisse Bravenboer
|
0-0: Ball 1-0: Ball 2-0: Called Strike 2-1: SINGLE (Line Drive, 89S, EV 86.9 MPH)
|
|
Batting: SHB Marvin McAleer
|
0-0: Foul Ball, location: 2F 0-1: Ball 1-1: Ball 2-1: SINGLE (Flyball, 6MD, EV 86.9 MPH) Eisse Bravenboer to second
|
|
Batting: RHB Jeckel Hester
|
0-0: Ball 1-0: Called Strike 1-1: Foul Ball, location: 2F 1-2: Fly out, F8 (Flyball, 8RXD, EV 105.6 MPH) Runner from 2nd tags up, SAFE at 3rd, no throw by CF
|
|
Batting: RHB Steve Jordan
|
0-0: Called Strike Marvin McAleer is caught stealing 2nd base 2-4 0-1: Ball 1-1: SINGLE (Groundball, 6MS, EV 68.1 MPH) (infield hit) Eisse Bravenboer scores
|
|
Batting: LHB Theodore Conboy
|
0-0: Ball 1-0: Called Strike 1-1: Swinging Strike 1-2: Strikes out swinging
|
| Bottom of the 5th over - 1 run, 3 hits, 0 errors, 1 left on base; Miami 5 - Pittsburgh 6 |
| TOP OF THE 6TH |
|
Miami Marlins batting - Pitching for Pittsburgh Pirates : RHP Ryan Sunday
|
|
Batting: LHB Mike Kara
|
0-0: Swinging Strike 0-1: Swinging Strike 0-2: Ball 1-2: Ball 2-2: Strikes out swinging
|
|
Batting: RHB Seth Tramontano
|
0-0: Called Strike 0-1: Swinging Strike 0-2: Ball 1-2: Ball 2-2: Strikes out looking
|
|
Batting: RHB Josh Crenwelge
|
0-0: Ball 1-0: Swinging Strike 1-1: Ball 2-1: Swinging Strike 2-2: Ball 3-2: Foul Ball, location: 2F 3-2: Base on Balls
|
|
Batting: RHB Jeff Garofalo
|
0-0: Ball 1-0: Called Strike 1-1: Foul Ball, location: 2F 1-2: Ball 2-2: Ball Pickoff Throw to First - Out! 1-3
|
| Top of the 6th over - 0 runs, 0 hits, 0 errors, 0 left on base; Miami 5 - Pittsburgh 6 |
| BOTTOM OF THE 6TH |
|
Pittsburgh Pirates batting - Pitching for Miami Marlins : RHP Jonah Syndergaard
|
|
Batting: RHB Tommie Eaton
|
0-0: Ball 1-0: Foul Ball, location: 2F 1-1: Called Strike 1-2: Ball 2-2: Ball 3-2: Fly out, F7 (Line Drive, 7, EV 85.0 MPH)
|
|
Batting: RHB Mike Bates
|
0-0: Ball 1-0: Called Strike 1-1: SOLO HOME RUN (Flyball, 89XD, EV 109.4 MPH), Distance : 420 ft
|
|
Batting: RHB Lupe Covarrubias
|
0-0: Called Strike 0-1: Ball 1-1: Called Strike 1-2: Ground out 6-3 (Groundball, 6M, EV 106.9 MPH)
|
|
Batting: RHB Andrew Robinson
|
0-0: Called Strike 0-1: Ball 1-1: Foul Ball, location: 2F 1-2: Strikes out swinging
|
| Bottom of the 6th over - 1 run, 1 hit, 0 errors, 0 left on base; Miami 5 - Pittsburgh 7 |
| TOP OF THE 7TH |
|
Miami Marlins batting - Pitching for Pittsburgh Pirates : RHP Ryan Sunday
|
|
Pitching: RHP Josh Allport
|
|
|
Batting: RHB Jeff Garofalo
|
0-0: Swinging Strike 0-1: Foul Ball, location: 2F 0-2: Ball 1-2: Strikes out swinging
|
|
Batting: RHB Roger Salazar
|
0-0: SINGLE (Groundball, 6S, EV 95.0 MPH)
|
|
Batting: LHB Andre Gorter
|
0-0: Ball 1-0: Called Strike 1-1: Ball 2-1: Ball 3-1: Called Strike 3-2: Foul Ball, location: 2F 3-2: Foul Ball, location: 2F 3-2: Fielders Choice at 2nd, 3-6 (Groundball, 34S, EV 79.4 MPH)
|
|
Batting: RHB Mark Barger
|
0-0: Called Strike Andre Gorter steals 2nd base 0-1: SINGLE (Line Drive, 8LS, EV 102.5 MPH) Andre Gorter to third Runner from 3rd tries for Home, SAFE, throw by CF to home
|
|
Batting: RHB Steve Barnard
|
0-0: Ball Mark Barger is caught stealing 2nd base 2-4
|
| Top of the 7th over - 1 run, 2 hits, 0 errors, 0 left on base; Miami 6 - Pittsburgh 7 |
| BOTTOM OF THE 7TH |
|
Pittsburgh Pirates batting - Pitching for Miami Marlins : RHP Jonah Syndergaard
|
|
Batting: RHB Eisse Bravenboer
|
0-0: Ball 1-0: Ball 2-0: Ball 3-0: Called Strike 3-1: Fly out, F9 (Flyball, 9LS, EV 96.3 MPH)
|
|
Batting: SHB Marvin McAleer
|
0-0: SINGLE (Line Drive, 7S, EV 105.6 MPH)
|
|
Batting: RHB Jeckel Hester
|
0-0: Ball 1-0: Called Strike 1-1: Called Strike 1-2: Fly out, F6 (Popup, 6M, EV 78.8 MPH)
|
|
Batting: RHB Steve Jordan
|
0-0: Ball 1-0: Called Strike 1-1: Foul Ball, location: 2F 1-2: Foul Ball, location: 2F 1-2: Ball 2-2: Ball 3-2: Fly out, F8 (Line Drive, 8RXD, EV 103.8 MPH)
|
| Bottom of the 7th over - 0 runs, 1 hit, 0 errors, 1 left on base; Miami 6 - Pittsburgh 7 |
| TOP OF THE 8TH |
|
Miami Marlins batting - Pitching for Pittsburgh Pirates : RHP Josh Allport
|
|
Batting: RHB Steve Barnard
|
0-0: Ball 1-0: Foul Ball, location: 2F 1-1: Ball 2-1: DOUBLE (Line Drive, 5D, EV 98.1 MPH)
|
|
Batting: RHB Justin Huff
|
0-0: SINGLE (Line Drive, 56D, EV 97.5 MPH) Steve Barnard to third
|
|
Batting: LHB Mike Kara
|
0-0: Ball 1-0: Fly out, F8 (Flyball, 8LXD, EV 104.4 MPH) Runner from 3rd tags up, SCORES, no throw by CF
|
|
Batting: RHB Seth Tramontano
|
0-0: Called Strike 0-1: Ground out 5-3 (Groundball, 56S, EV 84.4 MPH) Justin Huff to second
|
|
Batting: RHB Josh Crenwelge
|
0-0: Called Strike 0-1: Swinging Strike 0-2: Ball 1-2: Strikes out looking
|
| Top of the 8th over - 1 run, 2 hits, 0 errors, 1 left on base; Miami 7 - Pittsburgh 7 |
| BOTTOM OF THE 8TH |
|
Pittsburgh Pirates batting - Pitching for Miami Marlins : RHP Jonah Syndergaard
|
|
Pitching: RHP Julio Espinel
|
|
|
Batting: LHB Theodore Conboy
|
0-0: Called Strike 0-1: Called Strike 0-2: Ball 1-2: Ball 2-2: DOUBLE (Line Drive, 78XD, EV 104.4 MPH)
|
|
Batting: RHB Tommie Eaton
|
0-0: Swinging Strike 0-1: Ball 1-1: Foul Ball, location: 2F 1-2: Fly out, F7 (Flyball, 78D, EV 105.6 MPH)
|
|
Batting: RHB Mike Bates
|
0-0: Ball 1-0: Foul Ball, location: 2F 1-1: Ball 2-1: Ball 3-1: Called Strike 3-2: SINGLE (Line Drive, 6MD, EV 95.6 MPH) Theodore Conboy to third Runner from 3rd tries for Home, SAFE, throw by CF to home
|
|
Batting: RHB Lupe Covarrubias
|
0-0: Ball Mike Bates steals 2nd base (no throw) 1-0: Ball 2-0: Ball 3-0: Called Strike 3-1: Base on Balls
|
|
Batting: RHB Andrew Robinson
|
0-0: Swinging Strike 0-1: Ball 1-1: Called Strike 1-2: SINGLE (Line Drive, 9LS, EV 103.1 MPH) Mike Bates to third Lupe Covarrubias to second Runner from 3rd tries for Home, SAFE, throw by RF to home
|
|
Pitching: LHP Jerry Woods
|
|
|
Batting: RHB Eisse Bravenboer
|
0-0: Called Strike Lupe Covarrubias steals 3rd base 0-1: Ball 1-1: Ball 2-1: Called Strike 2-2: Foul Ball, location: 2F 2-2: Strikes out swinging Andrew Robinson is caught stealing 2nd base 2-4 Batter strikes out.
|
| Bottom of the 8th over - 2 runs, 3 hits, 0 errors, 1 left on base; Miami 7 - Pittsburgh 9 |
| TOP OF THE 9TH |
|
Miami Marlins batting - Pitching for Pittsburgh Pirates : RHP Josh Allport
|
|
Pitching: RHP Steve Grier
|
|
|
Batting: RHB Jeff Garofalo
|
0-0: Ball 1-0: Ball 2-0: Fly out, F9 (Flyball, 89S, EV 93.1 MPH)
|
|
Batting: RHB Roger Salazar
|
0-0: Swinging Strike 0-1: Ball 1-1: Ball 2-1: Swinging Strike 2-2: Foul Ball, location: 2F 2-2: Strikes out looking
|
|
Batting: LHB Andre Gorter
|
0-0: Ball 1-0: Foul Ball, location: 2F 1-1: Ball 2-1: SOLO HOME RUN (Flyball, 89XD, EV 114.4 MPH), Distance : 422 ft
|
|
Batting: RHB Mark Barger
|
0-0: Called Strike 0-1: Ball 1-1: Foul Ball, location: 2F 1-2: Ball 2-2: Strikes out swinging
|
| Top of the 9th over - 1 run, 1 hit, 0 errors, 0 left on base; Miami 8 - Pittsburgh 9 |
|